MLB
HOUSTON ASTROS @ MINNESOTA TWINS
09/10/2047
 
TOP OF THE 1ST
Houston Astros batting - Pitching for Minnesota Twins : RHP Jack Overbeek
Pitching: RHP Jack Overbeek
Batting: RHB Jeremy Trump 0-0: SINGLE (Groundball, 6MD, EV 111.2 MPH)
Batting: RHB Josh Froyd 0-0: Called Strike
0-1: Grounds into double play, 4-6-3 (Groundball, 4D, EV 84.4 MPH)
Batting: RHB Elijah Hunter 0-0: Ball
1-0: Ball
2-0: Swinging Strike
2-1: Ground out U3 (Groundball, 3, EV 109.4 MPH)
Top of the 1st over - 0 runs, 1 hit, 0 errors, 0 left on base; Houston 0 - Minnesota 0
BOTTOM OF THE 1ST
Minnesota Twins batting - Pitching for Houston Astros : LHP Brian Thomas
Pitching: LHP Brian Thomas
Batting: RHB J.J. Powers 0-0: Ball
1-0: Ground out U3 (Groundball, 3, EV 101.9 MPH)
Batting: LHB Peer Derks 0-0: Ball
1-0: Foul Ball, location: 2F
1-1: Swinging Strike
1-2: Foul Ball, location: 2F
1-2: Strikes out looking
Batting: RHB Hildo Pot 0-0: Foul Ball, location: 2F
0-1: Foul Ball, location: 2F
0-2: Foul Ball, location: 2F
0-2: Ground out 4-3 (Groundball, 34, EV 100.0 MPH)
Bottom of the 1st over - 0 runs, 0 hits, 0 errors, 0 left on base; Houston 0 - Minnesota 0
TOP OF THE 2ND
Houston Astros batting - Pitching for Minnesota Twins : RHP Jack Overbeek
Batting: SHB Joe Gardner 0-0: Ball
1-0: Fly out, F7 (Flyball, 7D, EV 105.0 MPH)
Batting: LHB Bryce Hill 0-0: Called Strike
0-1: Ball
1-1: Ball
2-1: Called Strike
2-2: Foul Ball, location: 2F
2-2: SINGLE (Flyball, 7S, EV 88.8 MPH)
Batting: RHB Eric Chotkowski 0-0: DOUBLE (Flyball, 8RXD, EV 100.6 MPH)
Bryce Hill to third
Batting: SHB Troy Kenyon 0-0: Called Strike
0-1: Ball
1-1: Ball
2-1: Foul Ball, location: 2F
2-2: Strikes out swinging
Batting: RHB Danny Merrill 0-0: Ball
1-0: Swinging Strike
1-1: Foul Ball, location: 2F
1-2: Strikes out swinging
Top of the 2nd over - 0 runs, 2 hits, 0 errors, 2 left on base; Houston 0 - Minnesota 0
BOTTOM OF THE 2ND
Minnesota Twins batting - Pitching for Houston Astros : LHP Brian Thomas
Batting: RHB Steve Jordan 0-0: Foul Ball, location: 2F
0-1: Ball
1-1: Foul Ball, location: 2F
1-2: Foul Ball, location: 2F
1-2: Foul Ball, location: 2F
1-2: Ball
2-2: DOUBLE (Line Drive, 78D, EV 111.2 MPH)
Batting: RHB José Molina 0-0: Foul Ball, location: 2F
0-1: Ball
1-1: Foul Ball, location: 2F
1-2: Ball
2-2: Ball
3-2: Strikes out swinging
Batting: RHB Alex Sandoval 0-0: Fly out, F8 (Line Drive, 89M, EV 106.2 MPH)
Batting: LHB Per Meulengracht 0-0: Ball
1-0: Ball
2-0: Ground out 4-3 (Groundball, 4S, EV 84.4 MPH)
Bottom of the 2nd over - 0 runs, 1 hit, 0 errors, 1 left on base; Houston 0 - Minnesota 0
TOP OF THE 3RD
Houston Astros batting - Pitching for Minnesota Twins : RHP Jack Overbeek
Batting: RHB Antonio Aranda 0-0: Swinging Strike
0-1: Hit by Pitch
Batting: RHB Jeremy Trump 0-0: Ball
1-0: Called Strike
Antonio Aranda is caught stealing 2nd base 2-4
1-1: Ball
2-1: Fly out, F8 (Flyball, 8RD, EV 90.6 MPH)
Batting: RHB Josh Froyd 0-0: Ball
1-0: Foul Ball, location: 2F
1-1: Ball
2-1: Fly out, F8 (Flyball, 8RM, EV 81.9 MPH)
Top of the 3rd over - 0 runs, 0 hits, 0 errors, 0 left on base; Houston 0 - Minnesota 0
BOTTOM OF THE 3RD
Minnesota Twins batting - Pitching for Houston Astros : LHP Brian Thomas
Batting: RHB Jesse Scott 0-0: Ball
1-0: DOUBLE (Popup, 6D, EV 67.5 MPH)
Batting: SHB Bran Stark 0-0: Called Strike
0-1: Ball
1-1: Foul Ball, location: 2F
1-2: Strikes out swinging
Batting: RHB J.J. Powers 0-0: Ball
1-0: Foul Ball, location: 2F
1-1: Foul Ball, location: 2F
1-2: Foul Ball, location: 2F
1-2: Foul Ball, location: 2F
1-2: Ball
2-2: Fly out, F3 (Popup, 34, EV 71.9 MPH)
Batting: LHB Peer Derks 0-0: Called Strike
0-1: Ball
1-1: 2-RUN HOME RUN (Flyball, 9LD, EV 91.9 MPH), Distance : 343 ft
Batting: RHB Hildo Pot 0-0: Ball
1-0: Foul Ball, location: 2F
1-1: Foul Ball, location: 2F
1-2: Ground out 6-3 (Groundball, 6, EV 96.9 MPH)
Bottom of the 3rd over - 2 runs, 2 hits, 0 errors, 0 left on base; Houston 0 - Minnesota 2
TOP OF THE 4TH
Houston Astros batting - Pitching for Minnesota Twins : RHP Jack Overbeek
Batting: RHB Elijah Hunter 0-0: Ball
1-0: Ball
2-0: Ball
3-0: Base on Balls
Batting: SHB Joe Gardner 0-0: Hit by Pitch
Elijah Hunter to second
Batting: LHB Bryce Hill 0-0: Foul Ball, location: 2F
0-1: Swinging Strike
0-2: Ball
1-2: Ball
2-2: Foul Ball, location: 2F
2-2: Strikes out swinging
Batting: RHB Eric Chotkowski 0-0: Ball
1-0: Grounds into double play, 6-4-3 (Groundball, 6D, EV 101.9 MPH)
Top of the 4th over - 0 runs, 0 hits, 0 errors, 1 left on base; Houston 0 - Minnesota 2
BOTTOM OF THE 4TH
Minnesota Twins batting - Pitching for Houston Astros : LHP Brian Thomas
Batting: RHB Steve Jordan 0-0: Called Strike
0-1: Ground out 4-3 (Groundball, 34D, EV 108.1 MPH)
Batting: RHB José Molina 0-0: Ball
1-0: Ground out 5-3 (Groundball, 56S, EV 80.6 MPH)
Batting: RHB Alex Sandoval 0-0: Called Strike
0-1: Ball
1-1: Ball
2-1: Foul Ball, location: 2F
2-2: Foul Ball, location: 2F
2-2: DOUBLE (Line Drive, 8LXD, EV 103.8 MPH)
Batting: LHB Per Meulengracht 0-0: Swinging Strike
0-1: Swinging Strike
0-2: Foul Ball, location: 2F
0-2: Foul Ball, location: 2F
0-2: Foul Ball, location: 2F
0-2: Ground out 6-3 (Groundball, 6M, EV 103.8 MPH)
Bottom of the 4th over - 0 runs, 1 hit, 0 errors, 1 left on base; Houston 0 - Minnesota 2
TOP OF THE 5TH
Houston Astros batting - Pitching for Minnesota Twins : RHP Jack Overbeek
Batting: SHB Troy Kenyon 0-0: Ball
1-0: Ball
2-0: Swinging Strike
2-1: Foul Ball, location: 2F
2-2: Strikes out swinging
Batting: RHB Danny Merrill 0-0: Called Strike
0-1: Called Strike
0-2: Ball
1-2: Strikes out swinging
Batting: RHB Antonio Aranda 0-0: Called Strike
0-1: Fly out, F7 (Flyball, 78S, EV 91.2 MPH)
Top of the 5th over - 0 runs, 0 hits, 0 errors, 0 left on base; Houston 0 - Minnesota 2
BOTTOM OF THE 5TH
Minnesota Twins batting - Pitching for Houston Astros : LHP Brian Thomas
Batting: RHB Jesse Scott 0-0: Ball
1-0: SINGLE (Groundball, 6MD, EV 101.9 MPH)
Batting: SHB Bran Stark 0-0: Called Strike
0-1: Ball
1-1: Ball
2-1: Foul Ball, location: 2F
2-2: Foul Ball, location: 2F
2-2: SINGLE (Groundball, 6MS, EV 61.9 MPH) (infield hit)
Jesse Scott to second
Batting: RHB J.J. Powers 0-0: Ball
1-0: Ball
2-0: Called Strike
2-1: Ball
3-1: TRIPLE (Flyball, 89XD, EV 106.2 MPH)
Jesse Scott scores
Bran Stark scores
Batting: LHB Peer Derks 0-0: Ball
1-0: Ground out 4-3 (Groundball, 4M, EV 86.2 MPH)
J.J. Powers scores
Batting: RHB Hildo Pot 0-0: Ball
1-0: Foul Ball, location: 2F
1-1: Ball
2-1: Ball
3-1: Foul Ball, location: 2F
3-2: SOLO HOME RUN (Flyball, 9D, EV 106.9 MPH), Distance : 396 ft
Pitching: RHP Mike Chisolm
Batting: RHB Steve Jordan 0-0: Ground out 1-3 (Groundball, 34S, EV 71.9 MPH)
Batting: RHB José Molina 0-0: Foul Ball, location: 2F
0-1: Swinging Strike
0-2: Foul Ball, location: 2F
0-2: SINGLE (Groundball, 4MD, EV 104.4 MPH)
Batting: RHB Alex Sandoval 0-0: Ball
1-0: Called Strike
1-1: 2-RUN HOME RUN (Flyball, 7D, EV 96.9 MPH), Distance : 366 ft
Batting: LHB Per Meulengracht 0-0: SINGLE (Groundball, 34, EV 102.5 MPH)
Batting: RHB Jesse Scott 0-0: Called Strike
0-1: Ball
1-1: Swinging Strike
1-2: Ball
2-2: SINGLE (Groundball, 6MD, EV 105.0 MPH)
Per Meulengracht to second
Runner from 2nd tries for 3rd, SAFE, throw by CF made to third
Batting: SHB Bran Stark 0-0: Ball
1-0: Called Strike
1-1: Foul Ball, location: 2F
1-2: Fly out, F8 (Flyball, 78M, EV 78.1 MPH)
Bottom of the 5th over - 6 runs, 8 hits, 0 errors, 2 left on base; Houston 0 - Minnesota 8
TOP OF THE 6TH
Houston Astros batting - Pitching for Minnesota Twins : RHP Jack Overbeek
Batting: RHB Jeremy Trump 0-0: Called Strike
0-1: Swinging Strike
0-2: SINGLE (Line Drive, 8LS, EV 103.8 MPH)
Batting: RHB Josh Froyd 0-0: Ball
1-0: Foul Ball, location: 2F
1-1: Swinging Strike
1-2: Foul Ball, location: 2F
1-2: Grounds into double play, 6-4-3 (Groundball, 6, EV 80.0 MPH)
Batting: RHB Elijah Hunter 0-0: Fly out, F7 (Flyball, 7D, EV 90.6 MPH)
Top of the 6th over - 0 runs, 1 hit, 0 errors, 0 left on base; Houston 0 - Minnesota 8
BOTTOM OF THE 6TH
Minnesota Twins batting - Pitching for Houston Astros : RHP Mike Chisolm
Batting: RHB J.J. Powers 0-0: Ball
1-0: Ball
2-0: Foul Ball, location: 2F
2-1: Swinging Strike
2-2: Strikes out swinging
Batting: LHB Peer Derks 0-0: Swinging Strike
0-1: Ball
1-1: Foul Ball, location: 2F
1-2: Ball
2-2: SINGLE (Flyball, 78S, EV 94.4 MPH)
Batting: RHB Hildo Pot 0-0: Foul Ball, location: 2F
0-1: Swinging Strike
0-2: Strikes out swinging
Batting: RHB Steve Jordan 0-0: Called Strike
0-1: Foul Ball, location: 2F
0-2: Ball
1-2: Strikes out swinging
Bottom of the 6th over - 0 runs, 1 hit, 0 errors, 1 left on base; Houston 0 - Minnesota 8
TOP OF THE 7TH
Houston Astros batting - Pitching for Minnesota Twins : RHP Jack Overbeek
Batting: SHB Joe Gardner 0-0: DOUBLE (Groundball, 5L, EV 102.5 MPH)
Batting: LHB Bryce Hill 0-0: Ball
1-0: Ball
2-0: Called Strike
2-1: Foul Ball, location: 2F
2-2: Ball
3-2: Strikes out swinging
Batting: RHB Eric Chotkowski 0-0: Foul Ball, location: 2F
0-1: Ball
1-1: Ball
2-1: DOUBLE (Line Drive, 9LM, EV 105.0 MPH)
Joe Gardner scores
Batting: SHB Troy Kenyon 0-0: Ball
1-0: Ball
2-0: Foul Ball, location: 2F
2-1: DOUBLE (Groundball, 5L, EV 105.6 MPH)
Eric Chotkowski scores
Batting: RHB Danny Merrill 0-0: Ball
1-0: Ball
2-0: Foul Ball, location: 2F
2-1: Fly out, F8 (Flyball, 8LS, EV 90.6 MPH)
Batting: RHB Antonio Aranda 0-0: Ball
1-0: SINGLE (Line Drive, 78S, EV 110.6 MPH)
Troy Kenyon to third
Runner from 3rd tries for Home, SAFE, throw by LF to home
Batting: RHB Jeremy Trump 0-0: Called Strike
Antonio Aranda steals 2nd base
0-1: Ball
1-1: Foul Ball, location: 2F
1-2: Foul Ball, location: 2F
1-2: Ball
2-2: Ball
3-2: Foul Ball, location: 2F
3-2: Fly out, F9 (Flyball, 9, EV 86.9 MPH)
Top of the 7th over - 3 runs, 4 hits, 0 errors, 1 left on base; Houston 3 - Minnesota 8
BOTTOM OF THE 7TH
Minnesota Twins batting - Pitching for Houston Astros : RHP Mike Chisolm
Batting: RHB José Molina 0-0: Ground out 6-3 (Groundball, 6, EV 105.6 MPH)
Batting: RHB Alex Sandoval 0-0: Ball
1-0: Ball
2-0: Ball
3-0: Called Strike
3-1: Ground out 5-3 (Groundball, 56S, EV 87.5 MPH)
Batting: LHB Per Meulengracht 0-0: Swinging Strike
0-1: Ball
1-1: Foul Ball, location: 2F
1-2: Strikes out swinging
Bottom of the 7th over - 0 runs, 0 hits, 0 errors, 0 left on base; Houston 3 - Minnesota 8
TOP OF THE 8TH
Houston Astros batting - Pitching for Minnesota Twins : RHP Jack Overbeek
Pitching: RHP Willie Nieto
Batting: RHB Josh Froyd 0-0: Called Strike
0-1: Ball
1-1: Called Strike
1-2: Hit by Pitch
Batting: RHB Elijah Hunter 0-0: Called Strike
0-1: Ball
1-1: Foul Ball, location: 2F
1-2: Ball
2-2: Strikes out swinging
Batting: SHB Joe Gardner 0-0: Ball
1-0: 2-RUN HOME RUN (Flyball, 7LD, EV 96.9 MPH), Distance : 368 ft
Batting: LHB Bryce Hill 0-0: Ball
1-0: Ball
2-0: Ground out 4-3 (Groundball, 34D, EV 100.6 MPH)
Batting: RHB Eric Chotkowski 0-0: Ball
1-0: Ground out 4-3 (Groundball, 34, EV 82.5 MPH)
Top of the 8th over - 2 runs, 1 hit, 0 errors, 0 left on base; Houston 5 - Minnesota 8
BOTTOM OF THE 8TH
Minnesota Twins batting - Pitching for Houston Astros : RHP Mike Chisolm
Pitching: RHP Arturo Vargas
Batting: RHB Jesse Scott 0-0: Ball
1-0: Foul Ball, location: 2F
1-1: Foul Ball, location: 2F
1-2: Foul Ball, location: 2F
1-2: Ball
2-2: SINGLE (Groundball, 23, EV 71.9 MPH) (infield hit)
Batting: SHB Bran Stark 0-0: Swinging Strike
0-1: Ball
1-1: SINGLE (Groundball, 4MD, EV 99.4 MPH)
Jesse Scott to second
Runner from 2nd tries for 3rd, SAFE, throw by CF made to third
Batting: RHB J.J. Powers 0-0: Called Strike
Bran Stark steals 2nd base
0-1: Swinging Strike
0-2: Strikes out swinging
Batting: LHB Peer Derks 0-0: SINGLE (Groundball, 23, EV 66.9 MPH) (infield hit)
Batting: RHB Hildo Pot 0-0: Grounds into fielders choice 4-2 (Groundball, 4, EV 82.5 MPH)
Bran Stark to third
Peer Derks to second
Batting: RHB Steve Jordan 0-0: Foul Ball, location: 2F
0-1: Foul Ball, location: 2F
0-2: SINGLE (Groundball, 34D, EV 95.0 MPH)
Bran Stark scores
Peer Derks to third
Hildo Pot to second
Runner from 3rd tries for Home, SAFE, throw by RF to home
Batting: RHB José Molina 0-0: Called Strike
0-1: Fly out, F4 (Line Drive, 4, EV 71.9 MPH)
Bottom of the 8th over - 2 runs, 4 hits, 0 errors, 2 left on base; Houston 5 - Minnesota 10
TOP OF THE 9TH
Houston Astros batting - Pitching for Minnesota Twins : RHP Willie Nieto
Batting: SHB Troy Kenyon 0-0: Ball
1-0: Ball
2-0: Fly out, F5 (Popup, 56S, EV 75.0 MPH)
Batting: RHB Danny Merrill 0-0: Ball
1-0: Foul Ball, location: 2F
1-1: Ball
2-1: Ground out 6-3 (Groundball, 6, EV 87.5 MPH)
Batting: RHB Antonio Aranda 0-0: Foul Ball, location: 2F
0-1: Hit by Pitch
Batting: RHB Jeremy Trump 0-0: Ball
1-0: Called Strike
1-1: Foul Ball, location: 2F
1-2: Fly out, F2 (Popup, 23F, EV 86.2 MPH)
Top of the 9th over - 0 runs, 0 hits, 0 errors, 1 left on base; Houston 5 - Minnesota 10
Thursday, December 15th , 2022 - OOTP Baseball 23.9 Build 102